 Dungeon Crawl Stone Soup version 0.30-a0-1018-g25214051b3 (webtiles) character file.

Game seed: 700065187318421708

631 xian the Cudgeller (level 7, 0/68 HPs)
             Began as a Troll Berserker on Apr 7, 2023.
             Was a Priest of Trog.
             Slain by a hobgoblin (2 damage)
             ... led by Robin
             ... on level 4 of the Dungeon.
             The game lasted 00:18:28 (2912 turns).

xian the Cudgeller (Troll Berserker)                Turns: 2912, Time: 00:18:29

Health: 0/68       AC:  4    Str: 28    XL:     7   Next: 24%
Magic:  6/6        EV: 15    Int:  3    God:    Trog [***...]
Gold:   184        SH:  0    Dex:  9    Spells: 6/6 levels left

rFire   x . .      SeeInvis .    a - +0 mace
rCold   + . .      Faith    .    (no shield)
rNeg    . . .      Spirit   .    b - +0 animal skin
rPois   .          Reflect  .    (helmet restricted)
rElec   .          Rampage  .    (no cloak)
rCorr   .                        (gloves unavailable)
Will    .....                    (boots unavailable)
Stlth   +                        (no amulet)
HPRegen 1.11/turn                x - ring of ice
MPRegen 0.10/turn                y - +5 ring of evasion

@: on berserk cooldown, slowed, very slow
A: large, unfitting armour, claws 3, regeneration 1, shaggy fur 1, tough skin 1
a: Renounce Religion, Berserk, Trog's Hand


You were on level 4 of the Dungeon.
You worshipped Trog.
Trog was most pleased with you.
You visited 1 branch of the dungeon, and saw 4 of its levels.

You collected 184 gold pieces.

Inventory:

Hand Weapons
 a - a +0 mace (weapon)
Missiles
 f - 27 stones (quivered)
Armour
 b - a +0 animal skin (worn)
Magical Staves
 m - the staff of poison "Cedweo" {rPois rC+ Will+ Str+3 Int-2}
   (You found it on level 3 of the Dungeon)

   [staff of poison]

   Base accuracy: +5 Base damage: 5 Base attack delay: 1.2 This weapon's minimum
   attack delay (0.6) is reached at skill level 12.
   Str:       It affects your strength (+3).
   Int:       It affects your intelligence (-2).
   rC:        It protects you from cold.
   rPois:     It protects you from poison.
   Will:      It increases your willpower.
   It falls into the 'Staves' category.
   It is a one-clawed weapon.
   Trog disapproves of the use of such an item.
Jewellery
 x - a ring of ice (left claw)
 y - a +5 ring of evasion (right claw)
Wands
 l - a wand of polymorph (1)
Scrolls
 d - 5 scrolls of magic mapping {unknown}
 e - a scroll of enchant weapon {unknown}
 i - 7 scrolls of identify {unknown}
 n - a scroll of noise {unknown}
 q - a scroll of blinking {unknown}
 r - a scroll of fog {unknown}
 u - a scroll of immolation {unknown}
Potions
 c - 3 potions of flight {unknown}
 g - 3 potions of mutation {unknown}
 h - 2 potions of haste {unknown}
 j - 2 potions of curing {unknown}
 k - a potion of degeneration {unknown}
 o - 2 potions of might {unknown}
 p - 2 potions of lignification {unknown}
 s - a potion of ambrosia {unknown}
 t - a potion of berserk rage {unknown}
 v - a potion of brilliance {unknown}
 w - a potion of heal wounds {unknown}


   Skills:
 + Level 3.7 Fighting
 + Level 5.4 Maces & Flails
 + Level 0.5 Throwing
 + Level 4.2 Dodging
 + Level 0.8 Stealth
 + Level 0.6 Unarmed Combat


You had 6 spell levels left.
You didn't know any spells.
Your spell library contained the following spells:

 Spells                   Type           Power      Damage    Failure   Level
 Vhi's Electric Charge    Tloc/Air       0%         N/A       88%         3
 Arcjolt                  Conj/Air       0%         1d10      100%        5
 Maxwell's Capacitive Co  Air            0%         ∞         100%        8


Dungeon Overview and Level Annotations

Branches:
Dungeon (4/15)
 Temple: D:4-7

Altars:
Ru

Shops:
D:2 [   D:4 :


Innate Abilities, Weirdness & Mutations

You are too large for most types of armour.
You have claws for hands.
Your natural rate of healing is unusually fast.
You are covered in fur. (AC +1)
You have tough skin. (AC +1)


Message History

* * * LOW HITPOINT WARNING * * *
You hit Robin.
You kill Robin!
Trog accepts your kill.
The goblin no longer looks unusually strong.
The goblin misses you. The goblin hits you but does no damage.
The hobgoblin closely misses you. x2; The goblin hits you but does no damage.
The goblin hits you with a +0 club.
* * * LOW HITPOINT WARNING * * *
The goblin hits you with a +0 club.
* * * LOW HITPOINT WARNING * * *
The hobgoblin barely misses you. The goblin barely misses you.
The hobgoblin closely misses you. The goblin attacks as you move away!
The goblin closely misses you. The hobgoblin hits you.
* * * LOW HITPOINT WARNING * * *
The goblin hits you with a +0 club.
* * * LOW HITPOINT WARNING * * *
Items here: ) [[ †.
The goblin attacks as you move away! The goblin barely misses you.
The hobgoblin barely misses you. The goblin closely misses you.
The hobgoblin attacks as you move away! The hobgoblin misses you.
The goblin attacks as you move away! The goblin hits you with a +0 club.
* * * LOW HITPOINT WARNING * * *
The hobgoblin hits you.
* * * LOW HITPOINT WARNING * * *
The hobgoblin misses you.
You open the door. The goblin hits you with a +0 club.
* * * LOW HITPOINT WARNING * * *
The goblin hits you with a +0 club.
* * * LOW HITPOINT WARNING * * *
The hobgoblin closely misses you.
The hobgoblin hits you but does no damage.
Found four items.
The goblin attacks as you move away! The goblin barely misses you.
The goblin no longer looks unusually strong. x2
The hobgoblin closely misses you. The goblin hits you with a +0 club.
* * * LOW HITPOINT WARNING * * *
The hobgoblin hits you.
You die...

#''##..#########≈≈#
#...#..........#≈≈#
#.).#.......)..'...
#...#......)†..'...
#.).#..........'...
#gg.#..........#≈≈.
#ggg#..#########≈≈#
#ggg#..# .≈≈≈##
##@##..+ +.g≈≈≈#
#=(##### #.h≈≈##
#$$# ####.g≈≈ #$?#
......≈≈ ####
.....≈≈ ##
≈≈≈≈≈≈≈###.
≈≈≈≈≈≈..##. #.....≈
##....≈


You could see 2 hobgoblins and 6 goblins.

Vanquished Creatures
  The ghost of Demosthentine the Poker, an amateur DsGl (D:4)
  A scorpion (D:4)
  3 orc priests
  2 hounds (D:4)
  2 iguanas (D:4)
  3 orc wizards
  Terence (D:3)
  Robin (D:4)
  2 adders
  A dart slug (D:1)
  17 orcs
  5 bats
  6 endoplasms
  5 giant cockroaches
  11 goblins
  9 hobgoblins
  2 jackals (D:4)
  6 quokkas
  11 ball pythons
  3 frilled lizards (D:1)
  6 kobolds
  9 rats
107 creatures vanquished.

Notes
Turn   | Place    | Note
-------+----------+-------------------------------------------
     0 | D:1      | xian the Troll Berserker began the quest for the Orb.
     0 | D:1      | Reached XP level 1. HP: 22/22 MP: 0/0
   110 | D:1      | Reached XP level 2. HP: 29/29 MP: 1/1
   233 | D:1      | Reached skill level 3 in Maces & Flails
   363 | D:1      | Reached ** piety under Trog
   532 | D:1      | Reached XP level 3. HP: 36/36 MP: 2/2
   624 | D:1      | Found a faded altar of an unknown god.
  1045 | D:2      | Found Ygen's Armour Shop.
  1410 | D:3      | Noticed Terence
  1449 | D:3      | Killed Terence
  1450 | D:3      | Reached XP level 4. HP: 44/44 MP: 3/3
  1601 | D:3      | Reached skill level 4 in Maces & Flails
  1601 | D:3      | Reached XP level 5. HP: 52/52 MP: 4/4
  1615 | D:3      | Identified the staff of poison "Cedweo" {rPois rC+ Will+
                  | Str+3 Int-2}
  1975 | D:3      | Reached *** piety under Trog
  2231 | D:4      | Reached XP level 6. HP: 56/61 MP: 5/5
  2287 | D:4      | Found Edwik's Self-Improvement Boutique.
  2306 | D:4      | Found a sacrificial altar of Ru.
  2479 | D:4      | Reached skill level 5 in Maces & Flails
  2588 | D:4      | Found a large runed translucent door.
  2589 | D:4      | Found a large runed translucent door.
  2590 | D:4      | Noticed Demosthentine's ghost (amateur DsGl)
  2610 | D:4      | Killed Demosthentine's ghost
  2611 | D:4      | Reached XP level 7. HP: 65/67 MP: 6/6
  2884 | D:4      | Noticed Robin
  2906 | D:4      | Killed Robin
  2912 | D:4      | HP: 2/68 [goblin/+0 club[Robin] (5)]
  2912 | D:4      | Slain by a hobgoblin

Illustrated notes

Levels and vault maps discovered:
D:1:      dpeg_arrival_subterranean_lakeside_camping, layout_basic,
          ebering_ecumenical_altar_rust
D:2:      layout_loops_ring, serial_shops,
          nicolae_shop_temple_entry_statues_fountains
D:3:      layout_rooms, uniq_terence
D:4:      kennysheep_goblin_castle, layout_cave_pools,
          nicolae_ru_great_annihilating_truth, ebering_ghost_disaster_area,
          nicolae_shop_self_help

Skill      XL: |  1  2  3  4  5  6 |
---------------+-------------------+-----
Maces & Flails | 3 4 5 |  5.4
Dodging        | 3 4 |  4.2
Fighting       | 3 |  3.7
Throwing       | |  0.5
Stealth        | |  0.8
Unarmed Combat | |  0.6

Action                     |  1- 3 |  4- 6 |  7- 9 || total
---------------------------+-------+-------+-------++-------
  Melee: Mace              |   120 |   185 |    37 ||   342
         Unarmed           |     2 |     4 |       ||     6
         Punch             |     1 |     1 |       ||     2
  Throw: Stone             |     3 |     9 |       ||    12
 Invoke: Berserk           |     1 |     2 |     1 ||     4
   Stab: Confused          |     1 |       |       ||     1
         Paralysed         |       |     2 |       ||     2
         Invisible         |       |     1 |       ||     1
 Armour: Animal skin       |    65 |    62 |    33 ||   160
  Dodge: Dodged            |    97 |   113 |   101 ||   311

Table legend: (Time is in decaauts)
 A = Elapsed time spent in this place.
 B = Non-inter-level travel time spent in this place.
 C = Inter-level travel time spent in this place.
 D = Time resting spent in this place.
 E = Time spent auto-exploring this place.
 F = Levels seen in this place.
 G = Mean time per level.
                   A        B        C        D        E       F      G
               +--------+--------+--------+--------+--------+-----+--------+
         Total |   2998 |   2937 |     61 |    125 |   1743 |   4 |  749.5 |
       Dungeon |   2998 |   2937 |     61 |    125 |   1743 |   4 |  749.5 |
               +--------+--------+--------+--------+--------+-----+--------+

Top non-repeatable levels by time:
     D:1: 818 daAuts
     D:4: 811 daAuts
     D:3: 686 daAuts
     D:2: 682 daAuts
